 Dungeon Crawl Stone Soup version 0.21-a0-55-gb612c23 (console) character file.

72 removed the Conjurer (level 3, 0/26 HPs)
             Began as a Demigod Fire Elementalist on June 15, 2017.
             Slain by an adder (3 damage)
             ... on level 2 of the Dungeon.
             The game lasted 00:04:43 (1485 turns).

removed the Conjurer (Demigod Fire Elementalist)    Turns: 1485, Time: 00:04:57

Health: 0/26       AC:  6    Str: 11    XL:     3   Next: 82%
Magic:  1/8        EV: 12    Int: 21    God:
Gold:   93         SH:  0    Dex: 16    Spells: 4/5 levels left

rFire    + . .     SeeInvis .   a - +0 dagger (drain)
rCold    + . .     Gourm    .   (no shield)
rNeg     . . .     Faith    .   o - +0 robe
rPois    .         Spirit   .   p - +2 helmet
rElec    .         Reflect  .   h - scarf {rC+ rF+}
rCorr    .         Harm     .   n - +0 pair of gloves
MR       .....                  (no boots)
Stlth    +.........             (no amulet)
HPRegen  0.08/turn              s - ring of loudness (curse)
MPRegen  0.11/turn              (no ring)

@: lethally poisoned (0 -> -5), very slightly contaminated
A: high mp 1
a: no special abilities


You were on level 2 of the Dungeon.
You were hungry.

You visited 1 branch of the dungeon, and saw 2 of its levels.

You collected 93 gold pieces.

Inventory:

Hand Weapons
 a - a +0 dagger of draining (weapon)
Armour
 h - a scarf of resistance (worn)
 n - a +0 pair of gloves (worn)
 o - a +0 robe (worn)
 p - a +2 helmet (worn)
Jewellery
 s - a cursed ring of loudness (left hand)
Scrolls
 e - a scroll of enchant armour {unknown}
 f - 2 scrolls of amnesia {unknown}
 g - 2 scrolls of recharging {unknown}
 j - a scroll of magic mapping {unknown}
 k - a scroll of noise {unknown}
 l - a scroll of fog {unknown}
 q - a scroll of teleportation {unknown}
 t - 2 scrolls of identify {unknown}
Books
 b - a book of Flames

   Spells                             Type                      Level
   a - Flame Tongue                   Conjuration/Fire             1
   b - Throw Flame                    Conjuration/Fire             2
   c - Conjure Flame                  Conjuration/Fire             3
   d - Inner Flame                    Hexes/Fire                   3
   e - Sticky Flame                   Conjuration/Fire             4
   f - Fireball                       Conjuration/Fire             5
Comestibles
 c - 2 bread rations
 r - a meat ration


   Skills:
 - Level 1.7 Dodging
 - Level 1.7 Stealth
 - Level 1.7 Spellcasting
 + Level 3.1 Conjurations
 + Level 3.1 Fire Magic


You had 4 spell levels left.
You knew the following spells:

 Your Spells              Type           Power        Failure   Level  Hunger
a - Flame Tongue          Conj/Fire      ###..        4%          1    #......


Dungeon Overview and Level Annotations

Branches:
Dungeon (2/15)


Innate Abilities, Weirdness & Mutations

You have an increased reservoir of magic. (+10% MP)


Message History

Press: ? - help, Shift-Dir - straight line, f/p - adder
Aim: an adder The flame tongue hits the adder.
The adder is almost dead.
The adder bites you.
You are poisoned.
The adder poisons you! The gnoll hits you but does no damage.
The adder bites you but does no damage.
Casting: Flame Tongue
Confirm with . or Enter, or press ? or * to list all spells.
Aiming: Flame Tongue
Press: ? - help, Shift-Dir - straight line, f/p - adder
Aim: an adder (almost dead)
The flame tongue hits the adder.
The adder appears unharmed.
The adder is almost dead.
You feel sick.
The gnoll hits you from afar with a spear!
* * * LOW HITPOINT WARNING * * *
The adder bites you.
You die...

##############
###.... ...##..
...... .....#
.....#####.##.####
###..............##
........[.........###
###.####.........<..#
#<# ###.##.....#.# #
#.# #.##..#@##.#.#
#.# #.##..#S##.#.#
#.# ##.##..#g.#...#..
#.#
#..........>......
#.#
#.####...........#
#.# ##.##.###### ..#
#.##.# #.##.# #.##)#


You could see a gnoll and an adder.

Vanquished Creatures
  An adder (D:2)
  3 gnolls (D:2)
  A worm (D:2)
  2 dart slugs (D:1)
  A leopard gecko (D:1)
  4 bats (D:1)
  3 giant cockroaches
  3 goblins
  4 hobgoblins (D:1)
  2 kobolds (D:1)
  4 rats
28 creatures vanquished.

Notes
Turn   | Place    | Note
-------+----------+-------------------------------------------
     0 | D:1      | removed the Demigod Fire Elementalist began the quest for the Orb.
     0 | D:1      | Reached XP level 1. HP: 14/14 MP: 5/5
    16 | D:1      | Reached skill level 1 in Conjurations
   404 | D:1      | Reached XP level 2. HP: 20/20 MP: 5/7
  1249 | D:2      | Found a basalt altar of Yredelemnul.
  1346 | D:2      | Reached XP level 3. HP: 26/26 MP: 6/8
  1485 | D:2      | Slain by an adder

Vault maps used:
D:1:      dpeg_arrival_pits
D:2:      lemuel_coloured_pillars_altar, minmay_tall_x, uniq_sigmund

Skill      XL: |  1  2  3 |
---------------+----------+-----
Conjurations   | 2 3 |  3.1
Fire Magic     | 3 |  3.1
Dodging        | |  1.7
Stealth        | |  1.7
Spellcasting   | |  1.7

Action                   || total
-------------------------++-------
 Cast: Flame Tongue      ||    66
  Eat: Chunk             ||     2
Armor: Robe              ||    12
Dodge: Dodged            ||    22
